 Seeded DCSS version 0.30-a0-857-gcaf70739d4 (webtiles) character file.

Game seed: 18242870539230726858 (custom seed)

29 bmack86 the Shield-Bearer (level 3, 0/33 HPs)
             Began as a Minotaur Fighter on Mar 6, 2023.
             Succumbed to an adder's poison
             ... on level 2 of the Dungeon.
             The game lasted 00:02:58 (991 turns).

bmack86 the Shield-Bearer (Minotaur Fighter)         Turns: 991, Time: 00:02:59

Health: 0/33       AC: 10    Str: 22    XL:     3   Next: 1%
Magic:  2/2        EV:  9    Int:  5    God:
Gold:   61         SH:  4    Dex:  9    Spells: 2/2 levels left

rFire   . . .      SeeInvis .    a - +0 war axe
rCold   . . .      Faith    .    c - +0 buckler
rNeg    . . .      Spirit   .    b - +0 scale mail
rPois   +          Reflect  .    (helmet restricted)
rElec   .          Rampage  .    (no cloak)
rCorr   .                        (no gloves)
Will    .....                    j - +2 pair of boots {Fly} Stlth
                                 (no amulet)
HPRegen 0.25/turn                k - ring of poison resistance
MPRegen 0.08/turn                (no ring)

@: mighty, lethally poisoned (0 -> -4), flying
A: horns 2, retaliatory headbutt
a: no special abilities


You were on level 2 of the Dungeon.
You visited 1 branch of the dungeon, and saw 2 of its levels.

You collected 81 gold pieces.
You spent 20 gold pieces at shops.

Inventory:

Hand Weapons
 a - a +0 war axe (weapon)
Armour
 b - a +0 scale mail (worn)
 c - a +0 buckler (worn)
 j - a +2 pair of boots of flying (worn)
Jewellery
 k - a ring of poison resistance (left hand)
Scrolls
 f - a scroll of fear {unknown}
 h - 2 scrolls of vulnerability {unknown}
 i - 2 scrolls of identify
Potions
 e - 2 potions of attraction {unknown}
 g - 2 potions of mutation {unknown}


   Skills:
 + Level 3.9 Fighting
 * Level 3.2 Axes
 + Level 4.0 Armour
 + Level 4.0 Shields


You had 2 spell levels left.
You didn't know any spells.
Your spell library contained the following spells:

 Spells                   Type           Power      Damage    Failure   Level
 Magic Dart               Conj           0%         1d3       87%         1
 Call Imp                 Summ           0%         N/A       95%         2
 Mephitic Cloud           Conj/Pois/Air  0%         N/A       99%         3


Dungeon Overview and Level Annotations

Branches:
Dungeon (2/15)

Altars:

Shops:
D:1 ((*[*

Annotations:
D:2 Sigmund


Innate Abilities, Weirdness & Mutations

You have a pair of horns on your head.
You reflexively headbutt those who attack you in melee.


Message History

Something hits you! The goblin hits you with a +0 club.
The bat hits you but does no damage.
You closely miss the hobgoblin. You miss the bat. You miss the goblin.
You feel less confused. The bat closely misses you.
The bat hits you but does no damage. The hobgoblin closely misses you.
The goblin barely misses you. Something hits you.
* * * LOW HITPOINT WARNING * * *
You block the hobgoblin's attack. The goblin hits you but does no damage.
You slash the hobgoblin!
You kill the hobgoblin!
You miss the goblin. You barely miss the bat.
The bat hits you but does no damage. Something hits you but does no damage.
The goblin hits you but does no damage.
You have reached level 3!
Your experience leads to an increase in your attributes!
Increase (S)trength, (I)ntelligence, or (D)exterity?
You feel stronger. x2
You feel very mighty all of a sudden. The bat closely misses you.
You block the adder's attack.
An endoplasm comes into view.
The goblin closely misses you. Something hits you but does no damage.
You closely miss the adder. You closely miss the goblin.
The endoplasm quivers.
The bat hits you but does no damage. x2; The adder bites you.
* * * LOW HITPOINT WARNING * * *
You are lethally poisoned!
The adder poisons you! You block the goblin's attack.
The adder bites you but does no damage. The goblin hits you but does no damage.
Something hits you but does no damage.
You barely miss the adder. Your headbutt misses the adder. You slash the bat!
You kill the bat!
You hit the goblin.
* * * LOW HITPOINT WARNING * * *
You feel sick.
The adder bites you but does no damage. x2
The goblin hits you but does no damage.
Your Armour skill increases to level 4!
You miss the adder. You slash the goblin!
You kill the goblin!
You die...

#### ####.....
#<...# ##.####
#...############
#.#.....†@S{....#
##.#.##.)##J....#
##...#.## ###..
##....# #..##.
#.## . #.# #$ #..
.


You could see an adder and an endoplasm.

Vanquished Creatures
  A dart slug (D:1)
  A ball python (D:1)
  An endoplasm (D:1)
  2 giant cockroaches (D:1)
  3 goblins
  2 hobgoblins
  4 bats
  12 frilled lizards
  A kobold (D:1)
  4 rats (D:1)
31 creatures vanquished.

Vanquished Creatures (others)
  7 plants (D:1)
7 creatures vanquished.

Grand Total: 38 creatures vanquished

Notes
Turn   | Place    | Note
-------+----------+-------------------------------------------
     0 | D:1      | bmack86 the Minotaur Fighter began the quest for the Orb.
     0 | D:1      | Reached XP level 1. HP: 19/19 MP: 0/0
   244 | D:1      | Reached XP level 2. HP: 27/27 MP: 1/1
   246 | D:1      | Found Iczoal's Antique Armour Shop.
   366 | D:1      | Found Mapt's Weapon Shop.
   421 | D:1      | Found Ridunu's General Store.
   447 | D:1      | Bought a scroll of identify for 20 gold pieces
   566 | D:1      | Found Gaux's General Store.
   747 | D:1      | Found Mazynewu's Weapon Shoppe.
   978 | D:2      | Noticed Sigmund
   988 | D:2      | Reached XP level 3. HP: 5/33 MP: 2/2
   991 | D:2      | Succumbed to an adder's poison

Illustrated notes

Levels and vault maps discovered:
D:1:      dpeg_arrival_stone_temple_mockup, layout_basic, serial_shops, shop,
          shop_statue, shop_statue, nicolae_shop_advertising_works
          [nicolae_subvault_shop_adworks], nicolae_shop_bloodbath_and_beyond,
          minmay_lizard_king
D:2:      layout_loops_ring, serial_shops, nicolae_lakefront_shop,
          minmay_pentomino_pile, uniq_sigmund

Skill      XL: |  1  2  3 |
---------------+----------+-----
Axes           | 3 |  3.2
Shields        | 4 |  4.0
Armour         | 4 |  4.0
Fighting       | |  3.9

Action                     || total
---------------------------++-------
  Melee: War axe           ||    75
         Headbutt          ||     4
    Use: Potion            ||     1
 Armour: Scale mail        ||    55
  Dodge: Dodged            ||    49
  Block: Buckler           ||    21

Table legend: (Time is in decaauts)
 A = Elapsed time spent in this place.
 B = Non-inter-level travel time spent in this place.
 C = Inter-level travel time spent in this place.
 D = Time resting spent in this place.
 E = Time spent auto-exploring this place.
 F = Levels seen in this place.
 G = Mean time per level.
                   A        B        C        D        E       F      G
               +--------+--------+--------+--------+--------+-----+--------+
         Total |   1020 |   1006 |     14 |      0 |    718 |   2 |  510.0 |
       Dungeon |   1020 |   1006 |     14 |      0 |    718 |   2 |  510.0 |
               +--------+--------+--------+--------+--------+-----+--------+

Top non-repeatable levels by time:
     D:1: 999 daAuts
     D:2: 21 daAuts
